 Dungeon Crawl Stone Soup version 0.25-a0-681-gdf4e720381 (webtiles) character file.

Game seed: 3066810449821315164, levelgen mode: deterministic

606277 Hartz the Pyromancer (level 27, -3/158 HPs)
             Began as a Gargoyle Earth Elementalist on Mar 29, 2020.
             Was the Champion of Vehumet.
             Splashed by an acid blob's acid (8 damage)
             ... created by the Royal Jelly
             ... on level 5 of the Pits of Slime on Mar 30, 2020.
             The game lasted 04:25:27 (85861 turns).

Hartz the Pyromancer (Gargoyle Earth Elementalist) Turns: 85861, Time: 04:25:28

Health: -3/158     AC: 30    Str: 19    XL:     27
Magic:  10/44      EV: 21    Int: 48    God:    Vehumet [******]
Gold:   7369       SH:  0    Dex: 13    Spells: 17/60 levels left

rFire    + + .     SeeInvis .   T - +18 lance "Wyrmbane" {slay drac, rPois rF+ rC+ AC+3}
rCold    + + .     Gourm    .   (no shield)
rNeg     + + +     Faith    .   w - +1 leather armour of the Country {Int+6}
rPois    ∞         Spirit   .   y - +2 hat {Int+3}
rElec    +         Reflect  .   n - scarf {cloud immunity}
rCorr    +         Harm     .   I - +2 pair of gloves
MR       ++...                  o - +2 pair of boots
Stlth    ++........             l - amulet of Munig {Acrobat Fragile +Fly rN+++ Int+5}
HPRegen  0.36/turn              x - ring of the Mackerel {rElec Str+4 Int+8 Dex+3}
MPRegen  0.29/turn              R - ring of resist corrosion

@: resistant, corroded, flying, hasted, very quick
A: big wings, hooves 1, frail 1, mutation resistance 1, negative energy
resistance 1, electricity resistance, unbreathing, petrification resistance, rot
immunity, AC +20
}: 3/15 runes: decaying, serpentine, silver
a: Stop Flying, Renounce Religion


You were on level 5 of the Pits of Slime.
You worshipped Vehumet.
Vehumet was exalted by your worship.
You were not hungry.

You visited 11 branches of the dungeon, and saw 53 of its levels.
You also visited: Gauntlet.

You collected 10847 gold pieces.
You spent 3478 gold pieces at shops.

Inventory:

Hand Weapons
 T - the +18 lance "Wyrmbane" (weapon) {slay drac, rPois rF+ rC+ AC+3}
   (You found it on level 3 of the Elven Halls)

   It affects your AC (+3).
   It protects you from fire.
   It protects you from cold.
   It protects you from poison.
 Z - the +3 Elemental Staff {rElec rF++ rC++ MR++ AC+5}
   (You took it off an orc on level 5 of the Vaults)

   It affects your AC (+5).
   It greatly protects you from fire.
   It greatly protects you from cold.
   It insulates you from electricity.
   It affects your resistance to hostile enchantments.
Missiles
 b - 878 stones (quivered)
Armour
 n - a scarf of cloud immunity (worn)
 o - a +2 pair of boots (worn)
 w - the +1 leather armour of the Country (worn) {Int+6}
   (You found it on level 1 of the Lair of Beasts)

   It affects your intelligence (+6).
 y - a +2 hat of intelligence (worn)
 I - a +2 pair of gloves (worn)
Jewellery
 g - an uncursed amulet of the gourmand
 l - the amulet of Munig (around neck) {Acrobat Fragile +Fly rN+++ Int+5}
   (You found it on level 2 of the Crypt)

   [amulet of the acrobat]

   It helps you evade while moving and waiting.
   It affects your intelligence (+5).
   It renders you almost immune to negative energy.
   It lets you fly.
   It will be destroyed if unequipped.
 t - an uncursed ring of wizardry
 x - the ring of the Mackerel (left hand) {rElec Str+4 Int+8 Dex+3}
   (You took it off a necromancer on level 3 of the Crypt)

   [ring of dexterity]

   It affects your strength (+4).
   It affects your intelligence (+8).
   It affects your dexterity (+3).
   It insulates you from electricity.
 z - a +4 ring of slaying
 H - the amulet of the Four Winds {rN+ MR+++ Clar}
   (You found it on level 2 of the Depths)

   [amulet of nothing]

   It protects you from negative energy.
   It affects your resistance to hostile enchantments.
   It protects you against confusion.
 J - the ring of Gifosoc {+Blink +Fly rPois Int+5 Stlth-}
   (You found it on level 3 of the Crypt)

   [ring of poison resistance]

   It affects your intelligence (+5).
   It protects you from poison.
   It lets you fly.
   It lets you blink.
   It makes you less stealthy.
 K - an uncursed ring of see invisible
 L - the ring "Giara" {+Blink +Fly rPois Str+3 Int+4}
   (You took it off a deep elf death mage on level 3 of the Elven Halls)

   [ring of flight]

   It affects your strength (+3).
   It affects your intelligence (+4).
   It protects you from poison.
   It lets you fly.
   It lets you blink.
 R - a ring of resist corrosion (right hand)
Wands
 m - a wand of disintegration (33)
 u - a wand of clouds (6)
 D - a wand of digging (18)
 M - a wand of acid (5)
 O - a wand of polymorph (8)
 S - a wand of iceblast (13)
Scrolls
 a - 15 scrolls of remove curse
 f - 4 scrolls of holy word
 r - 8 scrolls of teleportation
 A - 2 scrolls of torment
 B - 7 scrolls of fog
 C - 13 scrolls of amnesia
 Q - 12 scrolls of identify
 W - 6 scrolls of immolation
 X - a scroll of magic mapping
Potions
 c - 8 potions of mutation
 e - 18 potions of curing
 h - 5 potions of might
 i - 12 potions of brilliance
 k - 7 potions of berserk rage
 p - 5 potions of resistance
 q - 5 potions of ambrosia
 s - 9 potions of stabbing
 E - 4 potions of heal wounds
 G - 2 potions of haste
 N - 2 potions of invisibility
 U - 5 potions of magic
Miscellaneous
 j - a lamp of fire
 v - a fan of gales
 F - a phial of floods
 P - 4 boxes of beasts
 V - a phantom mirror
Comestibles
 d - 49 rations


   Skills:
 + Level 18.8 Fighting
   Level 11.3 Maces & Flails
 - Level 12.0 Polearms
 - Level 10.0 Armour
 - Level 15.0 Dodging
 - Level 2.1 Stealth
 + Level 17.0 Spellcasting
 + Level 19.4 Conjurations
   Level 0.7 Transmutations
 * Level 21.5 Fire Magic
 + Level 21.0 Earth Magic
 - Level 6.0 Evocations


You had 17 spell levels left.
You knew the following spells:

 Your Spells              Type           Power        Failure   Level  Hunger
a - Sandblast             Erth           ######       0%          1    None
b - Stone Arrow           Conj/Erth      ######       0%          3    None
c - Lee's Rapid Deconstr  Erth           ########..   0%          5    None
d - Iron Shot             Conj/Erth      ########..   0%          6    None
e - Bolt of Magma         Conj/Fire/Erth ########..   0%          5    None
g - Borgnjor's Vile Clut  Necr/Erth      #######...   1%          5    None
h - Shatter               Erth           ########..   2%          9    ####...
i - Fire Storm            Conj/Fire      ########..   3%          9    ####...

Your spell library contained the following spells:

 Spells                   Type           Power        Failure   Level  Hunger
 Lehudib's Crystal Spear  Conj/Erth      ########..   1%          8    ##.....
 Foxfire                  Conj/Fire      ####         0%          1    None
 Magic Dart               Conj           ####         0%          1    None
 Shock                    Conj/Air       ####         0%          1    None
 Passwall                 Tmut/Erth      #######.     0%          2    None
 Searing Ray              Conj           ######       0%          2    None
 Conjure Flame            Conj/Fire      ########     0%          3    None
 Inner Flame              Hex/Fire       #######.     0%          3    None
 Sticky Flame             Conj/Fire      ########     0%          4    None
 Fireball                 Conj/Fire      ########..   0%          5    None
 Animate Skeleton         Necr           N/A          1%          1    None
 Apportation              Tloc           #####.       1%          1    None
 Beastly Appendage        Tmut           #####.       1%          1    None
 Corona                   Hex            #####..      1%          1    None
 Freeze                   Ice            ####         1%          1    None
 Infusion                 Chrm           ####         1%          1    None
 Pain                     Necr           ####         1%          1    None
 Sting                    Tmut/Pois      ####         1%          1    None
 Summon Butterflies       Summ           #####...     1%          1    None
 Summon Small Mammal      Summ           ####         1%          1    None
 Blink                    Tloc           N/A          1%          2    None
 Call Imp                 Summ           #####...     1%          2    None
 Corpse Rot               Necr/Air       N/A          1%          2    None
 Ensorcelled Hibernation  Hex/Ice        #####.       1%          2    None
 Poisonous Vapours        Pois/Air       #####.       1%          2    None
 Shroud of Golubria       Chrm/Tloc      #####.       1%          2    None
 Slow                     Hex            #####...     1%          2    None
 Song of Slaying          Chrm           #####...     1%          2    None
 Sticks to Snakes         Tmut           #####...     1%          2    None
 Swiftness                Chrm/Air       #####...     1%          2    None
 Call Canine Familiar     Summ           #####...     1%          3    None
 Confusing Touch          Hex            #####...     1%          3    None
 Dazzling Flash           Conj/Hex       ######       1%          3    None
 Frozen Ramparts          Ice            #####.       1%          3    None
 Ignite Poison            Fire/Tmut/Pois #######.     1%          3    None
 Mephitic Cloud           Conj/Pois/Air  #######.     1%          3    None
 Ozocubu's Armour         Chrm/Ice       #####...     1%          3    None
 Recall                   Summ/Tloc      N/A          1%          3    None
 Spectral Weapon          Hex/Chrm       #####...     1%          3    None
 Spider Form              Tmut/Pois      #####.....   1%          3    None
 Static Discharge         Conj/Air       #######.     1%          3    None
 Summon Guardian Golem    Hex/Summ       #####...     1%          3    None
 Tukima's Dance           Hex            #####...     1%          3    None
 Vampiric Draining        Necr           #####.....   1%          3    None
 Airstrike                Air            #####.....   1%          4    None
 Fulminant Prism          Conj/Hex       #######...   1%          4    None
 Hailstorm                Conj/Ice       #######.     1%          4    None
 Iskenderun's Mystic Bla  Conj/Tloc      #######.     1%          4    None
 Leda's Liquefaction      Hex/Erth       #######...   1%          4    None
 Olgreb's Toxic Radiance  Pois           #####...     1%          4    None
 Petrify                  Tmut/Erth      #######.     1%          4    None
 Irradiate                Conj/Tmut      #######...   1%          5    None
 Iskenderun's Battlesphe  Conj/Chrm      #######.     1%          5    None
 Lightning Bolt           Conj/Air       #######...   1%          5    None
 Conjure Ball Lightning   Conj/Air       #######...   1%          6    None
 Orb of Destruction       Conj           ########..   1%          7    None
 Ice Form                 Ice/Tmut       #####...     4%          4    None
 Animate Dead             Necr           N/A          5%          4    None
 Cause Fear               Hex            #####.....   5%          4    None
 Dispel Undead            Necr           #####...     5%          4    None
 Passage of Golubria      Tloc           N/A          5%          4    None
 Summon Ice Beast         Ice/Summ       #####...     5%          4    None
 Summon Lightning Spire   Summ/Air       #####...     5%          4    None
 Blade Hands              Tmut           #####.....   12%         5    None
 Alistair's Intoxication  Tmut/Pois      #####...     14%         5    None
 Agony                    Necr           #####...     16%         5    None
 Excruciating Wounds      Chrm/Necr      #####.....   16%         5    None
 Silence                  Hex/Air        #####.....   16%         5    None
 Summon Demon             Summ           #####.....   16%         5    None
 Summon Forest            Summ/Tloc      #####.....   16%         5    None
 Summon Mana Viper        Hex/Summ       #####...     16%         5    None
 Chain Lightning          Conj/Air       #######...   17%         8    ##.....
 Hydra Form               Tmut           #####.....   54%         6    None
 Eringya's Noxious Bog    Tmut/Pois      #####.....   58%         6    None
 Darkness                 Hex            #####.....   65%         6    None
 Death Channel            Necr           #####.....   65%         6    None
 Deflect Missiles         Chrm/Air       #####.....   65%         6    None
 Invisibility             Hex            #####...     65%         6    None
 Shadow Creatures         Summ           N/A          65%         6    None
 Simulacrum               Ice/Necr       #####.....   65%         6    None
 Dragon Form              Tmut           #####.....   98%         7    None
 Malign Gateway           Summ/Tloc      #####.....   99%         7    None
 Summon Hydra             Summ           #####.....   99%         7    None
 Borgnjor's Revivificati  Necr           #####.....   100%        8    ##.....
 Discord                  Hex            #####.....   100%        8    ##.....
 Absolute Zero            Ice            #####.....   100%        9    ####...
 Dragon's Call            Summ           #####.....   100%        9    ####...
 Tornado                  Air            #####.....   100%        9    ####...
 Sublimation of Blood     Necr           Unusable     N/A         2    N/A
 Statue Form              Tmut/Erth      Unusable     N/A         6    N/A

Dungeon Overview and Level Annotations

Branches:
Dungeon (15/15)            Temple (1/1) D:7            Lair (6/6) D:11
  Swamp (4/4) Lair:4        Snake (4/4) Lair:4        Slime (5/5) Lair:6
    Orc (2/2) D:12            Elf (3/3) Orc:2        Vaults (5/5) D:14
  Crypt (3/3) Vaults:3       Tomb (0/3) Crypt:3      Depths (5/5) D:15
    Zot (0/5) Depths:5    Gauntlet (visited)

Altars:
Ashenzari
Cheibriados
Dithmenos
Fedhas
Gozag
Hepliaklqana
Kikubaaqudgha
Makhleb
Nemelex Xobeh
Okawaru
Ru
Trog
Vehumet
Xom
Yredelemnul
The Shining One
Beogh

Shops:
D:7 !   D:10 *   D:11 %%(?   D:14 %   Orc:2 !%}(   Elf:1 [   Snake:1 }
Snake:3 [*[=(   Vaults:3 [   Depths:1 *   Depths:5 *

Portals:
Hell: Depths:1 Depths:2 Depths:3 Depths:4 Depths:5
Abyss: Depths:3 Depths:4 Depths:5
Pandemonium: Orc:2 Depths:3
Ziggurat: Depths:1
Trove: D:15 (give 15 scrolls of teleportation)

Annotations:
Slime:5 Royal Jelly
Elf:2 4 runed translucent doors, Qutubeot's ghost, adept GrEE
Crypt:2 1 transporter


Innate Abilities, Weirdness & Mutations

You are resistant to torment.
Your stone body is resilient. (AC +20)
You are immune to poison.
Your large and strong wings let you fly indefinitely.
You resist negative energy. (rN+)
You are resistant to electric shocks. (rElec)
You can survive without breathing.
You are immune to petrification.
You are immune to rotting.
You have large cloven feet.
You are frail. (-10% HP)
You are somewhat resistant to further mutation.


Message History

You are splashed with acid.
You resist.
* * * LOW HITPOINT WARNING * * *
The acid blob is engulfed in blazing flames.
The acid blob completely misses you.
The azure jelly is engulfed in blazing flames.
The azure jelly hits you but does no damage.
The azure jelly completely misses you. x2
The azure jelly hits you but does no damage.
The acid blob is engulfed in blazing flames.
The acid blob barely misses you.
The azure jelly is engulfed in blazing flames.
You kill the azure jelly!
That felt strangely unrewarding.
A slime creature comes into view.
The acid blob is engulfed in blazing flames.
The acid blob spits acid at you. The splash of acid hits you. You resist.
* * * LOW HITPOINT WARNING * * *
You are splashed with acid!
You resist.
You die...

........J......
...............
..........v....
....G...○☼○○○..
.......vJ☼○v○G.
......JJ○Jv.°..
......JJJJvv○..
......J@JJ○vG..
......Jv☼○☼...#
####..vv#☼v..##
##..#...### ###
# .# ##


You could see the Royal Jelly, 4 acid blobs, 3 azure jellies, a great orb of
eyes, a slime creature, 4 death oozes, 2 eyes of draining and 11 friendly fire
vortices.

Vanquished Creatures
  A juggernaut (Depths:3)
  4 ancient liches
  Sojobo (Crypt:2)
  A greater mummy (Crypt:3)
  Frederick (Crypt:2)
  Saint Roka (Depths:2)
  4 golden dragons
  5 caustic shrikes
  Jory (Crypt:3)
  Nikola (Depths:2)
  8 liches
  Rupert (Orc:1)
  2 tentacled monstrosities
  A quicksilver dragon (Vaults:5)
  Asterion (Elf:1)
  4 deep elf blademasters (Elf:3)
  3 deep elf master archers (Elf:3)
  14 acid blobs
  3 sphinxes
  4 titans
  Gastronok (Lair:3)
  2 thorn hunters
  9 tengu reavers
  4 ancient champions
  5 shadow dragons
  3 storm dragons
  Roxanne (Swamp:3)
  Donald (Crypt:2)
  3 revenants
  6 nagarajas
  A fire giant (shapeshifter) (Depths:4)
  10 frost giants
  8 fire giants
  13 deep elf sorcerers
  4 iron dragons
  Aizul (Depths:2)
  8 azure jellies
  5 curse skulls
  18 vault wardens
  An orc warlord (Vaults:2)
  A caustic shrike zombie (Depths:5)
  5 deep elf elementalists (Elf:3)
  A draconian stormcaller (Depths:5)
  3 cacodemons (Crypt:2)
  18 ironheart preservers
  18 stone giants
  2 spriggan defenders (Depths:5)
  7 war gargoyles
  8 reapers
  18 very ugly things
  9 vampire knights
  3 entropy weavers
  A green draconian (Depths:5)
  2 yellow draconians (Depths:5)
  5 deep elf annihilators
  2 black draconians (Depths:5)
  A minotaur (Gauntlet)
  A white draconian (Depths:5)
  5 deep elf demonologists
  Azrael (Orc:1)
  A purple draconian (Depths:5)
  6 spark wasps (Depths:2)
  16 deep elf death magi
  10 ettins
  An ettin (shapeshifter) (Depths:4)
  A spark wasp (shapeshifter) (Depths:4)
  6 eidola
  5 death oozes
  Snorg (Orc:2)
  A blizzard demon (Depths:4)
  20 yaktaur captains
  A green death (Depths:3)
  5 deep elf high priests
  3 quicksilver dragon zombies
  6 crystal guardians (Depths:4)
  13 great orbs of eyes
  12 ice dragons
  A jiangshi (Crypt:2)
  34 vault guards
  5 fire dragons
  3 spriggan air magi
  A spectral shadow dragon (Depths:4)
  19 ogre magi
  11 rakshasas
  A quicksilver dragon skeleton (Crypt:3)
  17 naga warriors
  16 hydras
  2 shambling mangroves
  3 ghost crabs
  5 centaur warriors
  4 catoblepae
  14 alligators
  7 death knights
  44 two-headed ogres
  2 hell hogs (Depths:2)
  17 anacondas
  22 dancing weapons
  4 deep troll shamans
  4 tengu warriors
  5 vampire magi
  2 death yaks (Lair:6)
  6 orc high priests (Orc:2)
  4 spriggan berserkers
  15 naga sharpshooters
  A titan zombie (Vaults:5)
  5 deep troll earth magi
  15 shock serpents
  A storm dragon zombie (Crypt:3)
  25 deep elf knights
  13 soul eaters
  A fire crab (Lair:6)
  A fire crab (shapeshifter) (Depths:4)
  16 hell knights (Depths:5)
  6 shadow wraiths
  11 skeletal warriors
  A sun demon (Orc:2)
  7 salamander mystics
  2 titan skeletons
  A deep troll (shapeshifter) (Vaults:4)
  13 deep trolls
  A sea snake (shapeshifter) (Elf:1)
  8 wizards
  2 unseen horrors
  3 storm dragon skeletons
  A ghost moth zombie (Crypt:2)
  8 glowing orange brains
  An infernal demonspawn (Orc:2)
  12 swamp dragons
  8 flayed ghosts
  4 obsidian statues (Depths:4)
  7 lindwurms
  A quicksilver dragon simulacrum (Crypt:1)
  19 phantasmal warriors
  25 deep elf archers
  A swamp dragon (shapeshifter) (Depths:4)
  4 naga ritualists
  18 ironbrand convokers
  A mana viper (shapeshifter) (Vaults:5)
  23 orc knights
  9 mana vipers
  24 necromancers
  62 deep elf magi
  9 harpies
  A harpy (shapeshifter) (Vaults:1)
  8 orc sorcerers
  4 frost giant zombies
  An oklob plant (Lair:6)
  An orb spider (shapeshifter) (Depths:4)
  A wolf spider (shapeshifter) (Depths:4)
  25 ugly things
  A stone giant zombie (Vaults:5)
  3 manticores
  4 shining eyes
  10 wolf spiders
  11 cyclopes
  2 guardian serpents (shapeshifter)
  76 slime creatures
  13 salamanders
  2 iron dragon skeletons
  19 elephants
  A fire giant skeleton (Crypt:3)
  An elephant (shapeshifter) (Depths:4)
  Joseph (D:7)
  A salamander (shapeshifter) (Vaults:5)
  A tengu skeleton (Depths:5)
  A dire elephant zombie (Crypt:3)
  A cyclops (shapeshifter) (Vaults:2)
  21 black mambas
  3 eyes of devastation
  11 guardian serpents
  18 naga magi
  An ice statue (Lair:2)
  19 vault sentinels
  A centaur zombie (D:11)
  2 molten gargoyles (Depths:4)
  5 gargoyles
  12 spiny frogs
  An orange demon (Orc:2)
  3 frost giant skeletons (Crypt:3)
  An eye of devastation (shapeshifter) (Depths:3)
  A kobold demonologist (D:13)
  A death yak zombie (Crypt:2)
  2 shock serpent skeletons (Crypt:3)
  An elf zombie (Vaults:5)
  A spriggan skeleton (Depths:5)
  A red draconian zombie (Crypt:1)
  46 yaktaurs
  A rime drake (shapeshifter) (Vaults:5)
  13 hellwings (Crypt:3)
  9 komodo dragons
  A demonic crawler (Depths:3)
  19 freezing wraiths
  A guardian mummy (Crypt:3)
  3 tengu conjurers
  A harpy zombie (Crypt:1)
  10 trolls
  13 tyrant leeches
  3 jumping spiders (Crypt:3)
  A hornet (shapeshifter) (Vaults:2)
  13 hornets
  A hydra skeleton (Crypt:1)
  A tengu simulacrum (Depths:1)
  7 polar bears
  Prince Ribbit (D:7)
  A spriggan zombie (Depths:1)
  A wind drake (Depths:4)
  8 blink frogs
  3 ettin zombies
  A hippogriff (shapeshifter) (D:14)
  2 slime creatures (shapeshifter)
  A dream sheep (shapeshifter) (Vaults:5)
  An ice dragon zombie (Crypt:3)
  A frost giant simulacrum (Crypt:1)
  2 fire dragon zombies
  An ettin skeleton (Crypt:1)
  A tarantella zombie (Crypt:1)
  4 bog bodies
  A ynoxinul (Orc:2)
  7 air elementals
  A redback (shapeshifter) (Vaults:2)
  3 flying skulls (Crypt:2)
  9 hippogriffs
  A large abomination (Depths:3)
  Sigmund (D:2)
  2 spriggans (shapeshifter)
  An ice dragon skeleton (Crypt:3)
  11 wraiths
  4 redbacks
  8 shadows
  11 water elementals
  A tarantella (Vaults:5)
  Grum (D:8)
  4 basilisks
  5 wyverns
  A human (shapeshifter) (Vaults:2)
  A black mamba skeleton (Crypt:3)
  12 golden eyes
  2 basilisks (shapeshifter)
  25 yaks
  13 fire elementals
  A human simulacrum (Vaults:1)
  12 vampire mosquitoes
  2 hungry ghosts
  A chaos spawn (Depths:3)
  40 nagas
  2 soldier ants
  6 wargs
  14 insubstantial wisps
  A soldier ant (shapeshifter) (Depths:4)
  7 swamp worms
  A swamp worm (shapeshifter) (Depths:4)
  4 acid dragons
  12 hell hounds
  12 water moccasins
  8 porcupines
  5 small abominations
  A floating eye (shapeshifter) (Depths:4)
  2 floating eyes (Depths:2)
  11 swamp drakes
  3 black bears
  6 ice beasts
  A sky beast (D:13)
  A human skeleton (Depths:1)
  62 orc warriors
  2 manticore zombies
  An ice dragon simulacrum (Crypt:1)
  6 phantoms
  2 eyes of draining
  48 ogres
  2 necrophages
  A centaur (shapeshifter) (Vaults:3)
  11 boggarts
  A lindwurm skeleton (Crypt:2)
  18 wolves
  9 centaurs
  11 crocodiles
  A manticore skeleton (Crypt:2)
  A bullfrog (shapeshifter) (Depths:4)
  2 big kobolds
  2 elf skeletons
  A wyvern zombie (D:10)
  13 bullfrogs
  A yaktaur skeleton (Crypt:1)
  11 earth elementals
  8 wyvern skeletons
  A scorpion (shapeshifter) (Depths:1)
  7 scorpions
  5 killer bees (D:8)
  A shapeshifter zombie (Crypt:1)
  A water moccasin skeleton (D:11)
  A troll skeleton (Crypt:1)
  7 wights
  2 howler monkeys (D:9)
  5 crimson imps
  A wolf skeleton (Crypt:2)
  A bullfrog zombie (D:12)
  A human zombie (Crypt:1)
  5 centaur skeletons
  5 jellies
  3 bullfrog skeletons
  7 hounds
  32 orc priests
  Crazy Yiuf (D:3)
  A black bear skeleton (Crypt:2)
  Jessica (D:3)
  6 iguanas
  31 orc wizards
  A hell rat (Depths:3)
  11 worker ants
  Terence (D:3)
  A porcupine skeleton (Crypt:1)
  3 killer bee zombies
  A dwarf zombie (Crypt:2)
  A naga zombie (Crypt:3)
  A crocodile skeleton (Crypt:1)
  A hound zombie (D:11)
  3 hound skeletons
  2 mummies (Crypt:3)
  14 gnolls
  14 adders
  6 shadow imps
  An ooze (D:4)
  2 adder skeletons
  A halfling skeleton (Crypt:1)
  4 worms
  10 ball lightnings (Depths:4)
  2 dart slugs
  4 leopard geckos
  112 orcs
  3 ball pythons
  6 giant cockroaches
  10 hobgoblins
  19 jackals
  8 quokkas
  5 bats
  7 frilled lizards
  11 goblins
  A jackal zombie (D:7)
  18 kobolds
  A kobold zombie (Crypt:3)
  2 leopard gecko skeletons
  An orc zombie (Crypt:3)
  A quokka zombie (D:2)
  12 rats
  A bush (Lair:6)
  17 fire vortices
  3 fungi
  A plant (Depths:5)
  4 withered plants (Crypt:3)
2431 creatures vanquished.

Vanquished Creatures (collateral kills)
  A lich (Depths:5)
  A nagaraja (Snake:4)
  A purple draconian (Depths:5)
  An ice dragon (D:14)
  3 death yaks (Lair:6)
  A soul eater (Orc:2)
  A wizard (D:14)
  A phantasmal warrior (Crypt:2)
  A salamander (Snake:1)
  A guardian serpent (Snake:4)
  A water elemental (Depths:4)
  A golden eye (Slime:1)
  2 orc priests (Orc:2)
16 creatures vanquished.

Vanquished Creatures (others)
  A deep elf mage (Elf:1)
  A polar bear (Lair:2)
  3 ball lightnings (Depths:4)
  A briar patch (Swamp:4)
  70 fire vortices
  4 fungi
  5 plants
  3 toadstools (Depths:1)
  2 withered plants (Crypt:3)
90 creatures vanquished.

Grand Total: 2537 creatures vanquished

Notes
Turn   | Place    | Note
-------+----------+-------------------------------------------
     0 | D:1      | Hartz the Gargoyle Earth Elementalist began the quest for
                  | the Orb.
     0 | D:1      | Reached XP level 1. HP: 10/10 MP: 3/3
   519 | D:1      | Reached XP level 2. HP: 6/15 MP: 0/5
  1294 | D:2      | Reached XP level 3. HP: 19/19 MP: 4/6
  1299 | D:2      | Learned a level 3 spell: Stone Arrow
  1335 | D:2      | Noticed Sigmund
  1677 | D:2      | Reached skill level 1 in Conjurations
  1680 | D:2      | Killed Sigmund
  1680 | D:2      | Reached skill level 5 in Earth Magic
  1680 | D:2      | Reached XP level 4. HP: 2/24 MP: 0/9
  1680 | D:2      | Reached XP level 5. HP: 2/28 MP: 0/10
  1966 | D:2      | Learned a level 5 spell: Lee's Rapid Deconstruction
  2224 | D:2      | Reached XP level 6. HP: 24/32 MP: 11/11
  2791 | D:3      | Noticed Jessica
  2794 | D:3      | Killed Jessica
  2992 | D:3      | Noticed Terence
  3000 | D:3      | Killed Terence
  3264 | D:3      | Found a runed translucent door.
  3265 | D:3      | Noticed Crazy Yiuf
  3272 | D:3      | Killed Crazy Yiuf
  3393 | D:3      | Reached XP level 7. HP: 29/36 MP: 5/13
  4230 | D:4      | Found a basalt altar of Yredelemnul.
  4574 | D:5      | Entered Level 5 of the Dungeon
  4658 | D:5      | Reached skill level 5 in Spellcasting
  4718 | D:5      | Reached XP level 8. HP: 39/41 MP: 7/15
  4720 | D:5      | Reached skill level 5 in Conjurations
  5110 | D:6      | Reached skill level 1 in Fighting
  5110 | D:6      | Reached skill level 1 in Armour
  5245 | D:6      | Reached skill level 1 in Maces & Flails
  5301 | D:6      | Found an opulent altar of Gozag.
  5351 | D:6      | Reached skill level 1 in Evocations
  5725 | D:6      | Reached XP level 9. HP: 17/48 MP: 14/17
  5931 | D:7      | Found Unaafovi's Distillery.
  5977 | D:7      | Bought a potion of magic for 104 gold pieces
  5977 | D:7      | Bought a potion of curing for 39 gold pieces
  5977 | D:7      | Bought a potion of haste for 130 gold pieces
  6005 | D:7      | Found a staircase to the Ecumenical Temple.
  6025 | Temple   | Entered the Ecumenical Temple
  6033 | Temple   | Became a worshipper of Vehumet
  6109 | D:7      | Noticed Prince Ribbit
  6119 | D:7      | Killed Prince Ribbit
  6523 | D:7      | Noticed Joseph
  6558 | D:7      | Killed Joseph
  6965 | D:8      | Reached * piety under Vehumet
  6965 | D:8      | Offered knowledge of Shock by Vehumet.
  7049 | D:8      | Noticed Grum
  7059 | D:8      | Killed Grum
  7059 | D:8      | Reached XP level 10. HP: 42/56 MP: 1/19
  7519 | D:8      | Found a burning altar of Makhleb.
  7604 | D:8      | Noticed a two-headed ogre
  7620 | D:8      | Killed a two-headed ogre
  7882 | D:9      | You fall into a shaft and drop 3 floors!
  7943 | D:11     | Found Elaich Beos's Antique Weapon Boutique.
  7959 | D:11     | Reached ** piety under Vehumet
  7959 | D:11     | Offered knowledge of Freeze by Vehumet.
  8148 | D:11     | Found Jesast's Food Boutique.
  8214 | D:11     | Found Ilau's Food Boutique.
  8240 | D:11     | Noticed a cyclops
  8314 | D:11     | Noticed a red ugly thing
  8316 | D:10     | Entered Level 10 of the Dungeon
  8327 | D:10     | Reached skill level 5 in Armour
  8479 | D:9      | Reached skill level 5 in Fighting
  8479 | D:9      | Reached XP level 11. HP: 63/63 MP: 16/21
  8858 | D:9      | Offered knowledge of Ignite Poison by Vehumet.
  8879 | D:9      | Identified a scroll of acquirement
  8879 | D:9      | Identified the +3 great mace of Agony {flame, +Rage +Fly}
                  | (You acquired it on level 9 of the Dungeon)
  8879 | D:9      | Identified the ring of Trepidation {+Fly rElec MP+9 Dex-2
                  | Stlth+} (You acquired it on level 9 of the Dungeon)
  9525 | D:10     | You fall into a shaft and drop 2 floors!
  9605 | D:12     | Reached *** piety under Vehumet
 10032 | D:11     | Reached skill level 5 in Maces & Flails
 10085 | D:11     | Offered knowledge of Hailstorm by Vehumet.
 10175 | D:10     | Found Wekoc's General Store.
 10276 | D:10     | Bought a scroll of identify for 28 gold pieces
 10276 | D:10     | Bought a scroll of identify for 28 gold pieces
 10278 | D:10     | Gained mutation: You are somewhat resistant to further
                  | mutation. [potion of mutation]
 11170 | D:11     | Noticed a two-headed ogre
 11178 | D:11     | Killed a two-headed ogre
 11374 | D:11     | Found Iqeluoh's Magic Scroll Shop.
 11383 | D:11     | Bought a scroll of fog for 32 gold pieces
 11383 | D:11     | Bought a scroll of immolation for 56 gold pieces
 11383 | D:11     | Bought a scroll of identify for 32 gold pieces
 11383 | D:11     | Bought a scroll of enchant armour for 120 gold pieces
 11383 | D:11     | Bought a scroll of identify for 32 gold pieces
 11383 | D:11     | Bought a scroll of blinking for 120 gold pieces
 11383 | D:11     | Bought a scroll of enchant armour for 120 gold pieces
 11398 | D:11     | Found a staircase to the Lair.
 11507 | D:11     | Killed a cyclops
 11507 | D:11     | Reached **** piety under Vehumet
 11620 | D:11     | Killed a red ugly thing
 11850 | D:12     | Reached skill level 5 in Dodging
 11850 | D:12     | Reached skill level 10 in Earth Magic
 11856 | D:12     | Offered knowledge of Irradiate by Vehumet.
 11856 | D:12     | Reached skill level 5 in Evocations
 12302 | D:12     | Found a glowing golden altar of the Shining One.
 12380 | D:12     | Reached XP level 12. HP: 59/70 MP: 23/23
 12479 | D:12     | Found a staircase to the Orcish Mines.
 12728 | D:12     | Reached ***** piety under Vehumet
 12728 | D:12     | Offered knowledge of Freezing Cloud by Vehumet.
 12908 | D:12     | Found a roughly hewn altar of Beogh.
 13675 | D:13     | Noticed a four-headed hydra
 13681 | D:13     | Killed a four-headed hydra
 14048 | D:13     | Learned a level 5 spell: Borgnjor's Vile Clutch
 14412 | D:14     | Noticed a centaur warrior
 14423 | D:14     | Killed a centaur warrior
 14575 | D:14     | Reached XP level 13. HP: 77/77 MP: 21/25
 14804 | D:14     | Found a blossoming altar of Fedhas.
 14871 | D:14     | Found Awoukisa's Food Emporium.
 15694 | D:14     | Noticed an ice dragon
 15705 | D:14     | Killed an ice dragon
 15937 | D:14     | Found a gate to the Vaults.
 16042 | Lair:1   | Entered Level 1 of the Lair of Beasts
 16439 | Lair:1   | Got a smoking leather armour
 16450 | Lair:1   | Identified the +1 leather armour of the Country {Int+6}
                  | (You found it on level 1 of the Lair of Beasts)
 16774 | Lair:2   | Offered knowledge of Conjure Ball Lightning by Vehumet.
 16774 | Lair:2   | Reached skill level 10 in Conjurations
 16979 | Lair:2   | Identified the +1 cloak of Roorchef {rN+++ Int+3 Dex-4
                  | Stlth-} (You acquired it on level 2 of the Lair of Beasts)
 16979 | Lair:2   | Identified the +4 great mace of Kismet {venom, Dex+4} (You
                  | acquired it on level 2 of the Lair of Beasts)
 16979 | Lair:2   | Identified a ring of Yredelemnul's Respect {Ice Dex+6
                  | Slay-2} (You acquired it on level 2 of the Lair of Beasts)
 17086 | Lair:2   | Noticed an ice dragon
 17108 | Lair:2   | Killed an ice dragon
 17789 | Lair:2   | Found a sacrificial altar of Ru.
 18246 | Lair:3   | Noticed Gastronok
 18262 | Lair:3   | Killed Gastronok
 18351 | Lair:3   | Identified the +3 robe of Tender Moments {Int+4} (You found
                  | it on level 3 of the Lair of Beasts)
 18780 | Lair:4   | Found a dark tunnel.
 18844 | Lair:4   | Found a staircase to the Snake Pit.
 18931 | Lair:4   | Gained mutation: Your large and strong wings let you fly
                  | indefinitely. [Gargoyle growth]
 18931 | Lair:4   | Reached XP level 14. HP: 84/84 MP: 27/27
 18978 | Lair:4   | Found a staircase to the Swamp.
 19173 | Lair:4   | Offered knowledge of Bolt of Magma by Vehumet.
 19180 | Lair:4   | Learned a level 5 spell: Bolt of Magma
 19588 | Lair:5   | Reached skill level 1 in Fire Magic
 20257 | Lair:6   | Entered Level 6 of the Lair of Beasts
 20314 | Lair:6   | Found a gate leading to a gauntlet.
 20323 | Gauntlet | Entered a Gauntlet
 20323 | Gauntlet | Found a transporter.
 20323 | Gauntlet | Found a transporter.
 20323 | Gauntlet | Found a transporter.
 20679 | Gauntlet | Found a transporter.
 20691 | Gauntlet | Found a transporter.
 20692 | Gauntlet | Found a transporter.
 20702 | Gauntlet | Found a transporter.
 20721 | Gauntlet | Found a transporter.
 20738 | Gauntlet | Found a transporter.
 20738 | Gauntlet | Found a transporter.
 20747 | Gauntlet | Found a transporter.
 20749 | Gauntlet | Found a transporter.
 20822 | Gauntlet | Offered knowledge of Orb of Destruction by Vehumet.
 20831 | Gauntlet | Learned a level 7 spell: Orb of Destruction
 20905 | Gauntlet | Got a scorched ivory ring
 21215 | Gauntlet | Identified the ring "Hoacrepp" {+Fly rPois} (You found it
                  | in a Gauntlet)
 22344 | Lair:6   | Reached skill level 10 in Spellcasting
 22604 | Lair:6   | Found a staircase to the Slime Pits.
 23059 | Orc:1    | Entered Level 1 of the Orcish Mines
 23244 | Orc:1    | Reached XP level 15. HP: 76/92 MP: 3/29
 23763 | Orc:1    | Reached skill level 5 in Fire Magic
 23872 | Orc:1    | Found a bloodstained altar of Trog.
 24048 | Orc:2    | Entered Level 2 of the Orcish Mines
 24049 | Orc:2    | Noticed Azrael
 24214 | Orc:2    | Found a staircase to the Elven Halls.
 24458 | Orc:2    | Noticed Rupert
 25011 | Orc:1    | Killed Azrael
 25247 | Orc:1    | Killed Rupert
 25247 | Orc:1    | Reached skill level 10 in Fighting
 25532 | Orc:2    | Noticed Snorg
 25537 | Orc:2    | Killed Snorg
 26291 | Orc:2    | Found Opnuomp's Food Shop.
 26294 | Orc:2    | Found Valampyg's Distillery.
 26308 | Orc:2    | Offered knowledge of Iron Shot by Vehumet.
 26376 | Orc:1    | Learned a level 6 spell: Iron Shot
 26600 | Orc:2    | Bought 3 potions of resistance for 450 gold pieces
 26600 | Orc:2    | Bought a potion of resistance for 150 gold pieces
 26600 | Orc:2    | Bought a potion of brilliance for 60 gold pieces
 26600 | Orc:2    | Bought a potion of curing for 45 gold pieces
 26600 | Orc:2    | Bought 2 potions of curing for 90 gold pieces
 26600 | Orc:2    | Bought a potion of haste for 150 gold pieces
 26600 | Orc:2    | Bought a potion of heal wounds for 75 gold pieces
 26600 | Orc:2    | Bought a potion of might for 60 gold pieces
 26600 | Orc:2    | Bought a potion of curing for 45 gold pieces
 26600 | Orc:2    | Bought a potion of magic for 120 gold pieces
 26662 | Orc:2    | Found a roughly hewn altar of Beogh.
 27897 | Orc:2    | Found Elitatif's Antique Weapon Shoppe.
 27897 | Orc:2    | Found Ocaic's Gadget Emporium.
 27898 | Orc:2    | Found a one-way gate leading to the halls of Pandemonium.
 27902 | Orc:2    | Bought a wand of acid (15) for 418 gold pieces
 27902 | Orc:2    | Bought a wand of acid (10) for 308 gold pieces
 28006 | D:15     | Entered Level 15 of the Dungeon
 28543 | D:15     | Found a shadowy altar of Dithmenos.
 28715 | D:15     | Found a staircase to the Depths.
 29589 | D:15     | Found a portal to a secret trove of treasure.
 29879 | Swamp:1  | Entered Level 1 of the Swamp
 30220 | Snake:1  | Entered Level 1 of the Snake Pit
 30599 | Snake:1  | Reached XP level 16. HP: 44/98 MP: 4/30
 31002 | Snake:1  | Found Gasod's Gadget Shop.
 31631 | Elf:1    | Entered Level 1 of the Elven Halls
 31632 | Elf:1    | Noticed Asterion
 31659 | Elf:1    | Reached skill level 10 in Maces & Flails
 31668 | Elf:1    | Noticed an Executioner
 31673 | Elf:1    | Killed Asterion
 31974 | Elf:1    | Offered knowledge of Spellforged Servitor by Vehumet.
 32570 | Elf:1    | Identified Asmodeus's Reference Book on Companions
 33486 | Elf:1    | Found Xuluhaf's Antique Armour Emporium.
 34941 | Elf:2    | Offered knowledge of Ozocubu's Refrigeration by Vehumet.
 35309 | Elf:2    | Reached skill level 10 in Armour
 35309 | Elf:2    | Reached XP level 17. HP: 104/104 MP: 24/32
 35385 | Elf:2    | Found a runed translucent door.
 35386 | Elf:2    | Found a shimmering altar of Xom.
 35386 | Elf:2    | Noticed Qutubeot's ghost (adept GrEE)
 35426 | Elf:2    | Found a runed translucent gate.
 35426 | Elf:2    | Found a runed translucent gate.
 35428 | Elf:2    | Found a runed translucent gate.
 35574 | Elf:3    | Entered Level 3 of the Elven Halls
 37608 | Elf:3    | Reached skill level 10 in Fire Magic
 37897 | Elf:3    | Identified the +10 halberd of Huso {vorpal, Stlth+}
 38287 | Elf:3    | Noticed a deep elf blademaster
 38290 | Elf:3    | Identified the ring "Giara" {+Blink +Fly rPois Str+3 Int+4}
 38291 | Elf:3    | Killed a deep elf blademaster
 38291 | Elf:3    | Noticed a deep elf master archer
 38293 | Elf:3    | Killed a deep elf master archer
 38293 | Elf:3    | Noticed a deep elf blademaster
 38711 | Elf:3    | Identified the amulet of the Leaf {+Rage rPois rF- Int+4}
 38715 | Elf:3    | Noticed a deep elf master archer
 38720 | Elf:3    | Killed a deep elf master archer
 38824 | Elf:3    | Killed a deep elf blademaster
 38882 | Elf:3    | Noticed a deep elf master archer
 38886 | Elf:3    | Reached XP level 18. HP: 112/112 MP: 27/33
 38888 | Elf:3    | Killed a deep elf master archer
 38891 | Elf:3    | Noticed a deep elf blademaster
 38896 | Elf:3    | Killed a deep elf blademaster
 38897 | Elf:3    | Noticed a deep elf blademaster
 39142 | Elf:3    | Found the +2 Maxwell's thermic engine {flame, freeze}
 39143 | Elf:3    | Found the +8 lance "Wyrmbane" {slay drac, rPois rF+ rC+
                  | AC+3}
 39175 | Elf:3    | Identified Dasum's Collected Works on the Mountains and
                  | Shape Shifting
 39236 | Elf:3    | Killed a deep elf blademaster
 40196 | Swamp:1  | Reached skill level 10 in Dodging
 40629 | Swamp:1  | Reached skill level 1 in Polearms
 43537 | Swamp:3  | Reached ****** piety under Vehumet
 43568 | Swamp:3  | Noticed Roxanne
 43580 | Swamp:3  | Offered knowledge of Lehudib's Crystal Spear by Vehumet.
 43580 | Swamp:3  | Offered knowledge of Fire Storm by Vehumet.
 43580 | Swamp:3  | Offered knowledge of Shatter by Vehumet.
 43829 | Swamp:3  | Reached skill level 15 in Earth Magic
 44245 | Swamp:3  | Killed Roxanne
 44278 | Swamp:4  | Entered Level 4 of the Swamp
 45706 | Swamp:4  | Reached XP level 19. HP: 110/118 MP: 27/35
 45771 | Swamp:4  | Got a decaying rune of Zot
 46847 | Vaults:1 | Entered Level 1 of the Vaults
 47801 | Vaults:1 | Noticed a lich
 50926 | Snake:3  | Found a blossoming altar of Fedhas.
 51470 | Snake:3  | Found Ukhlara's Antique Armour Boutique.
 51481 | Snake:3  | Bought a jewelled leather armour for 224 gold pieces
 51481 | Snake:3  | Identified the +1 leather armour of the Trees {rF+ Dex+4
                  | SInv} (You bought it in a shop on level 3 of the Snake Pit)
 51507 | Snake:3  | Found Toku's Weapon Emporium.
 51508 | Snake:3  | Found Sosav's Jewellery Emporium.
 51508 | Snake:3  | Found Cutiluv's Antique Armour Shoppe.
 51512 | Snake:3  | Found Ruaddam's Assorted Antiques.
 51715 | Snake:3  | Bought a potion of heal wounds for 170 gold pieces
 51715 | Snake:3  | Bought a potion of heal wounds for 170 gold pieces
 51715 | Snake:3  | Bought a scroll of teleportation for 102 gold pieces
 51831 | Snake:3  | Reached skill level 5 in Polearms
 52044 | Snake:4  | Entered Level 4 of the Snake Pit
 52572 | Snake:4  | Reached XP level 20. HP: 123/125 MP: 21/36
 56401 | Snake:4  | Got a serpentine rune of Zot
 57886 | Vaults:1 | Paralysed by a lich for 7 turns
 57897 | Vaults:1 | Killed a lich
 58508 | Vaults:1 | Reached XP level 21. HP: 132/132 MP: 31/38
 58519 | Vaults:1 | Learned a level 9 spell: Shatter
 59041 | Vaults:2 | Learned a level 9 spell: Fire Storm
 59308 | Vaults:2 | Reached skill level 15 in Conjurations
 60446 | Vaults:2 | Reached skill level 15 in Fire Magic
 61575 | Vaults:3 | HP: 4/132 [yaktaur/bolt[a vault warden] (9)]
 62614 | Vaults:3 | Reached XP level 22. HP: 138/138 MP: 29/39
 63509 | Vaults:3 | Found Keuplauf's Antique Armour Shop.
 63761 | Vaults:3 | Found a staircase to the Crypt.
 66038 | Vaults:5 | Entered Level 5 of the Vaults
 66038 | Vaults:5 | Noticed a golden dragon
 66039 | Vaults:5 | Reached skill level 15 in Fighting
 66044 | Vaults:5 | Noticed a golden dragon
 66049 | Vaults:4 | Killed a golden dragon
 66095 | Vaults:4 | Upgraded the game from 0.25-a0-670-g50981ef59b to
                  | 0.25-a0-681-gdf4e720381
 66393 | Vaults:5 | Reached XP level 23. HP: 144/144 MP: 41/41
 66854 | Vaults:3 | Killed a golden dragon
 67621 | Vaults:5 | Noticed a golden dragon
 67627 | Vaults:5 | Killed a golden dragon
 68601 | Vaults:5 | Noticed an ancient lich
 68605 | Vaults:5 | Killed an ancient lich
 68728 | Vaults:5 | Reached XP level 24. HP: 146/152 MP: 6/41
 69271 | Vaults:5 | Got a silver rune of Zot
 69620 | Vaults:5 | Got a clouded golden ring
 69621 | Vaults:5 | Identified the ring "Caditen" {rN+ MR+ SInv} (You found it
                  | on level 5 of the Vaults)
 69824 | Vaults:5 | Identified the +4 trident of the Imperium {pain, rF- Dex+7
                  | Stlth+}
 69996 | Crypt:1  | Entered Level 1 of the Crypt
 70228 | Crypt:1  | Reached skill level 10 in Polearms
 71233 | Depths:1 | Entered Level 1 of the Depths
 71574 | Depths:1 | Found a gateway to a ziggurat,
 71690 | Depths:1 | Found Roihe's Changing Room,
 71810 | Depths:1 | Found a gateway to Hell,
 72408 | Crypt:2  | Noticed Donald
 72412 | Crypt:2  | Killed Donald
 72801 | Crypt:2  | Noticed Frederick
 72887 | Crypt:2  | Noticed Sojobo
 72890 | Crypt:2  | Killed Frederick
 72890 | Crypt:2  | Reached skill level 15 in Spellcasting
 72891 | Crypt:2  | Killed Sojobo
 73165 | Crypt:2  | Found a transporter,
 73411 | Crypt:2  | Found a transporter,
 73716 | Crypt:2  | Reached skill level 15 in Dodging
 73716 | Crypt:2  | Noticed an ancient lich
 73723 | Crypt:2  | Killed an ancient lich
 73723 | Crypt:2  | Reached XP level 25. HP: 144/159 MP: 38/42
 73734 | Crypt:2  | Gained mutation: You are dopey. (Int -2) [a cacodemon]
 73741 | Crypt:2  | Gained mutation: Your body sometimes deteriorates upon
                  | taking damage. [a cacodemon]
 73881 | Crypt:2  | Identified the +1 helmet of Kouph {rElec Int+3} (You found
                  | it on level 2 of the Crypt)
 73907 | Crypt:2  | Got a sparkling bronze amulet
 73908 | Crypt:2  | Identified the amulet of Munig {Acrobat Fragile +Fly rN+++
                  | Int+5} (You found it on level 2 of the Crypt)
 73916 | Crypt:2  | Got a transparent platinum ring
 73917 | Crypt:2  | Identified the ring of Ahilet {*Slow rC+ EV+3 Str+4 Dex+3}
                  | (You found it on level 2 of the Crypt)
 73990 | Crypt:3  | Entered Level 3 of the Crypt
 74303 | Crypt:3  | Noticed Jory
 74308 | Crypt:3  | Killed Jory
 74714 | Crypt:3  | Lost mutation: You are dopey. (Int -2) [potion of mutation]
 74714 | Crypt:3  | Lost mutation: Your body sometimes deteriorates upon taking
                  | damage. [potion of mutation]
 74714 | Crypt:3  | Lost mutation: You are somewhat resistant to further
                  | mutation. [potion of mutation]
 74714 | Crypt:3  | Gained mutation: Your spells are a little easier to cast,
                  | but a little less powerful. [potion of mutation]
 74714 | Crypt:3  | Gained mutation: You are dopey. (Int -2) [potion of
                  | mutation]
 74714 | Crypt:3  | Gained mutation: Your muscles are strong. (Str +2) [potion
                  | of mutation]
 74715 | Crypt:3  | Lost mutation: Your spells are a little easier to cast, but
                  | a little less powerful. [potion of mutation]
 74715 | Crypt:3  | Lost mutation: You are dopey. (Int -2) [potion of mutation]
 74715 | Crypt:3  | Gained mutation: You have a pair of small horns on your
                  | head. [potion of mutation]
 74715 | Crypt:3  | Gained mutation: You have a beak for a mouth. [potion of
                  | mutation]
 74715 | Crypt:3  | Lost mutation: You have a pair of small horns on your head.
                  | [potion of mutation]
 74715 | Crypt:3  | Gained mutation: Your flesh is cold resistant. (rC+)
                  | [potion of mutation]
 75440 | Crypt:3  | Found a staircase to the Tomb,
 75440 | Crypt:3  | Noticed a greater mummy
 75447 | Crypt:3  | Killed a greater mummy
 76376 | Crypt:3  | Got a translucent pewter amulet
 76376 | Crypt:3  | Got a wavering golden ring
 76377 | Crypt:3  | Identified the amulet "Gagips" {rElec rF+ Regen+ Str+3
                  | Stlth-} (You found it on level 3 of the Crypt)
 76379 | Crypt:3  | Identified the ring "Buepp" {rN+ MR+ Str+3} (You found it
                  | on level 3 of the Crypt)
 76491 | Crypt:3  | Found an ancient bone altar of Kikubaaqudgha,
 76675 | Crypt:3  | Identified the +5 rapier "Gufergh" {vamp, Dex+4}
 76675 | Crypt:3  | Identified the ring of the Mackerel {rElec Str+4 Int+8
                  | Dex+3}
 76828 | Crypt:3  | Noticed an ancient lich
 76836 | Crypt:3  | Killed an ancient lich
 76897 | Crypt:3  | Identified the Volume of Evil Arts
 76911 | Crypt:3  | Got a faintly glowing lapis lazuli ring
 76912 | Crypt:3  | Identified the ring of Gifosoc {+Blink +Fly rPois Int+5
                  | Stlth-} (You found it on level 3 of the Crypt)
 76915 | Crypt:3  | Identified the Catalogue of Beguiling and Necromancy
 77770 | Depths:2 | Paralysed by a great orb of eyes for 3 turns
 77895 | Depths:2 | Noticed Nikola
 77897 | Depths:2 | Noticed Saint Roka
 77898 | Depths:2 | Killed Nikola
 77900 | Depths:2 | Killed Saint Roka
 78064 | Depths:2 | Noticed Aizul
 78065 | Depths:2 | Identified the +9 rapier "Inahuam" {vorpal, +Fly}
 78067 | Depths:2 | Killed Aizul
 78077 | Depths:2 | Reached XP level 26. HP: 59/166 MP: 21/42
 79097 | Depths:2 | Found the amulet of the Four Winds {rN+ MR+++ Clar}
 79164 | Depths:2 | Identified the Tome of the Oath and the Mountains
 79173 | Depths:2 | Identified the Reference Book on the Oath and Confrontation
 79299 | Depths:2 | Paralysed by a great orb of eyes for 6 turns
 79301 | Depths:2 | Gained mutation: You are frail. (-10% HP) [a shining eye]
 79307 | Depths:2 | Gained mutation: You tend to lose your temper in combat. [a
                  | shining eye]
 79346 | Depths:2 | Lost mutation: Your muscles are strong. (Str +2) [potion of
                  | mutation]
 79346 | Depths:2 | Lost mutation: Your flesh is cold resistant. (rC+) [potion
                  | of mutation]
 79346 | Depths:2 | Gained mutation: Your body sometimes deteriorates upon
                  | taking damage. [potion of mutation]
 79346 | Depths:2 | Lost mutation: You are frail. (-10% HP) [potion of
                  | mutation]
 79347 | Depths:2 | Lost mutation: Your body sometimes deteriorates upon taking
                  | damage. [potion of mutation]
 79347 | Depths:2 | Lost mutation: You tend to lose your temper in combat.
                  | [potion of mutation]
 79347 | Depths:2 | Lost mutation: You have a beak for a mouth. [potion of
                  | mutation]
 79347 | Depths:2 | Gained mutation: You are somewhat resistant to further
                  | mutation. [potion of mutation]
 79347 | Depths:2 | Gained mutation: You have large cloven feet. [potion of
                  | mutation]
 79510 | Depths:3 | Noticed a juggernaut
 79519 | Depths:3 | Killed a juggernaut
 80208 | Depths:3 | Found a one-way gate to the infinite horrors of the Abyss,
 80489 | Depths:3 | Found a runed translucent gate,
 80489 | Depths:3 | Found a runed translucent gate,
 80490 | Depths:3 | Found a runed translucent gate,
 82249 | Depths:4 | Identified the Collected Works on Poison and Augmentations
 82304 | Depths:4 | Identified the +0 leather armour "Zotyw" {rN+} (You found
                  | it on level 4 of the Depths)
 82386 | Depths:4 | Got a fine granite ring
 82387 | Depths:4 | Identified the ring of Xoliar {Fire rPois MP+9} (You found
                  | it on level 4 of the Depths)
 82390 | Depths:4 | Identified the cursed +1 leather armour of the Abyss {rElec
                  | MP+9 SInv} (You found it on level 4 of the Depths)
 82752 | Depths:5 | Entered Level 5 of the Depths
 82757 | Depths:5 | Reached XP level 27. HP: 146/173 MP: 41/43
 82757 | Depths:5 | Noticed an ancient lich
 82758 | Depths:5 | Killed an ancient lich
 82996 | Depths:5 | Identified the Handbook of Dark Magic
 84004 | Depths:5 | Found Tococ's Pet Rocks,
 84184 | Depths:5 | Found a gate to the Realm of Zot,
 84741 | Slime:1  | Entered Level 1 of the Pits of Slime
 85017 | Slime:2  | Gained mutation: You are frail. (-10% HP) [a shining eye]
 85712 | Slime:5  | Entered Level 5 of the Pits of Slime
 85732 | Slime:5  | Noticed the Royal Jelly
 85861 | Slime:5  | HP: 5/158 [acid blob/splash of acid[the Royal Jelly] (4)]
 85861 | Slime:5  | Splashed by an acid blob's acid

Levels and vault maps discovered:
D:1:      nicolae_arrival_memento_mori, layout_loops_ring
D:2:      layout_loops_ring, st_stairs_14, uniq_sigmund
D:3:      cheibrodos_pilgrimage, layout_loops_ring, uniq_crazy_yiuf_cottage,
          uniq_jessica, uniq_terence
D:4:      layout_basic, kennysheep_mini_moat, serial_glass, glass_columns_b,
          glass_columns_a, glass_columns_b, glass_columns_a
D:5:      layout_cave_pools, first_ration
D:6:      layout_cave_pools, grunt_gozag_breadcrumbs
D:7:      layout_cave_pools, minmay_temple_entry_glass, serial_shops,
          shop_statue, uniq_joseph, uniq_prince_ribbit1
D:8:      layout_rooms, hangedman_pestilent_swarm, makhleb_blood_cavern_becter,
          uniq_grum
D:9:      layout_stronghold
D:10:     layout_irregular_city, serial_shops, nicolae_shop_waterfront,
          billiards_dpeg
D:11:     layout_basic, david_lair_shrubbed, serial_shops, shop,
          nicolae_shop_statue_plus, shop_statue, nicolae_shop_waterfront
D:12:     layout_loops_ring, erik_orc_4, special_room [special_room_orc],
          basic_altar
D:13:     layout_irregular_city
D:14:     layout_long_grid, david_vaults_4, fedhas_altar_2, serial_shops,
          nicolae_shop_trees
D:15:     grunt_enter_depths_snipers, layout_basic, grunt_dithmenos_shadows,
          enter_trove_5, minmay_misc_feat_four_crosses
Temple:   compressed_dpeg_triangle_lava_temple
Lair:1:   layout_misc_corridors
Lair:2:   layout_long_grid, basic_altar, ice2_lemuel
Lair:3:   layout_big_grid, serial_bayou_ford_a, kennysheep_basilisk_garden,
          uniq_gastronok
Lair:4:   layout_big_grid, skrybe_swamp_entry_bodies,
          minmay_snake_entry_guardpost_small, enter_volcano_1
Lair:5:   layout_misc_corridors, minivault_19
Lair:6:   grunt_lair_end_beastmaster, layout_long_grid,
          minmay_slime_entry_oklob_open, gauntlet_entry_generic
Swamp:1:  layout_basic_swamp, evilmike_swamp_ruin_house_5,
          infiniplex_staircase_pool
Swamp:2:  layout_basic_swamp, nicolae_swamp_very_dense_foliage, swamp_pool1
Swamp:3:  layout_falls_marsh, evilmike_swamp_ruin_house_3, swamp_pool3,
          uniq_roxanne
Swamp:4:  swamp_alternative, layout_basic_swamp, swamp_pool2
Snake:1:  layout_honeycomb, serial_shops, shop
Snake:2:  layout_misc_corridors
Snake:3:  layout_rooms, basic_altar, serial_shops, shop, minmay_shoptagon
Snake:4:  snake_pit_salamanders_mu, layout_grid_maze
Slime:1:  layout_caves
Slime:2:  layout_caves
Slime:3:  layout_caves
Slime:4:  layout_caves
Slime:5
Orc:1:    layout_caves, trog_butcher_becter
Orc:2:    pf_orc_diabolical, layout_caves, mines1_david, uniq_azrael,
          uniq_snorg, uniq_rupert
Elf:1:    eino_elf_arrival_customs, layout_loops_ring, serial_shops, shop,
          minmay_elf_demonology, uniq_asterion
Elf:2:    layout_onion_city, ebering_ghost_xom, nooodl_food_tri, uniq_jorgrun
Elf:3:    minmay_elf_hall_statues, layout_geoelf_castle, grunt_ministairs_15
Vaults:1: vaults_room_large_hall, v_misc_3, vaults_mumra_minichess, v_misc_14,
          layout_vaults_omnigrid
Vaults:2: v_misc_9, grunt_vaults_twisty, nicolae_vaults_little_squares_3,
          grunt_vaults_hallway_short, vaults_room_ringed_pool, v_misc_14,
          nicolae_vaults_what_the_h, vaults_standard_mumra_enter_the_diamond,
          nicolae_vaults_network_star, vaults_room_corners, vaults_room_pool,
          ontoclasm_vaults_decontamination, vaults_dpeg_ring,
          nicolae_vaults_little_squares_4, layout_vaults_maze_snakey
Vaults:3: nicolae_vaults_alarming, minmay_crypt_entry_simple_box,
          nicolae_vaults_little_squares_6, nicolae_vaults_murderbox,
          hangedman_vaults_slice, vaults_mumra_minichess_inversion,
          vaults_room_stairs_pillars, v_misc_1, layout_vaults_big_room,
          serial_shops, nicolae_shop_stone
Vaults:4: hangedman_vaults_hat, vaults_room_fancy_cross,
          hangedman_vaults_cutoff, st_cells, ontoclasm_vaults_ligature,
          nicolae_vaults_network_periphery, nicolae_vaults_little_ls,
          nicolae_vaults_twisting_passages, nicolae_vaults_ring_of_whatevers,
          layout_vaults_ring
Vaults:5
Crypt:1:  layout_misc_corridors
Crypt:2:  gammafunk_dig_for_victory, layout_basic, uniq_donald, uniq_sojobo,
          uniq_frederick
Crypt:3:  evilmike_haunted_forest, uniq_jory
Depths:1: layout_forbidden_donut, enter_ziggurat_f, hangedman_tar_grid_catacomb,
          glass_columns_a, minmay_gold_behind_fungi, hex_tiny, st_stairs_4,
          grunt_ministairs_3, kennysheep_donut, nicolae_transmutations_shop
Depths:2: minmay_the_grid_3x2 [minmay_the_grid_square_x,
          minmay_the_grid_gridbox, minmay_the_grid_medium_cups,
          minmay_the_grid_dragon_a, minmay_the_grid_expand,
          minmay_the_grid_prize_four_corners_diamond_b], layout_cave_pools,
          grunt_hell_horde, grunt_decor_one_mirror, minmay_door_square,
          hangedman_eye_storm, uniq_aizul, uniq_saint_roka, uniq_nikola
Depths:3: evilmike_horseshoe, layout_basic, hell_entry, abyss_entry, pan_entry,
          pandoras_box_mu
Depths:4: radiant_caverns_a_rkd, abyss_entry, hell_entry
Depths:5: grunt_twist_and_shout, layout_cave_pools, hell_entry, special_room
          [special_room_morgue], abyss_entry, hangedman_decor_lopped,
          grunt_ministairs_7, serial_bayou_pond_b, guppyfry_shop_earth

Skill      XL: |  1  2  3  4  5  6  7  8  9 10 11 12 13 14 15 16 17 18 19 20 21 22 23 24 25 26 27 |
---------------+----------------------------------------------------------------------------------+-----
Earth Magic    | 4 5 6 7 8 9 10 11 12 13 14 15 16 17 18 19 20 21 | 21.0
Conjurations   | 2 3 4 5 6 7 8 9 10 11 12 13 14 15 16 17 18 19 | 19.4
Spellcasting   | 3 4 5 6 7 8 9 10 11 12 13 14 15 16 17 | 17.0
Fighting       | 2 3 5 6 7 8 9 10 11 12 13 14 15 16 17 18 | 18.8
Armour         | 2 3 5 6 8 9 10 | 10.0
Maces & Flails | 2 3 4 5 7 8 9 10 11 | 11.3
Evocations     | 1 3 4 5 6 |  6.0
Dodging        | 2 3 4 5 6 7 8 9 10 11 12 13 14 15 | 15.0
Fire Magic     | 4 7 9 10 12 13 14 15 16 17 18 19 20 21 | 21.5
Polearms       | 3 5 6 7 8 9 10 11 12 | 12.0
Stealth        | |  2.1
Transmutations | |  0.7

Action                   |  1- 3 |  4- 6 |  7- 9 | 10-12 | 13-15 | 16-18 | 19-21 | 22-24 | 25-27 || total
-------------------------+-------+-------+-------+-------+-------+-------+-------+-------+-------++-------
Melee: Dagger            |    77 |       |   139 |   574 |   326 |       |       |       |       ||  1116
       Short sword       |    11 |   173 |   130 |       |       |       |       |       |       ||   314
       Great mace        |       |       |       |       |   315 |   164 |       |       |       ||   479
       Lance             |       |       |       |       |       |   169 |   544 |   496 |   816 ||  2025
       Peck              |       |       |       |       |       |       |       |       |    91 ||    91
Throw: Dart              |     7 |     2 |     1 |    18 |       |       |       |       |       ||    28
       Stone             |     1 |       |       |       |       |       |       |       |       ||     1
 Cast: Sandblast         |    26 |    17 |    66 |   188 |   246 |   148 |    65 |     7 |     3 ||   766
       Stone Arrow       |     1 |     3 |    18 |    45 |    75 |    18 |    11 |     1 |       ||   172
       Lee's Rapid Decon |       |     2 |    13 |    60 |   121 |   172 |   226 |    73 |    51 ||   718
       Borgnjor's Vile C |       |       |       |     1 |     9 |       |       |       |       ||    10
       Orb of Destructio |       |       |       |       |    49 |    20 |       |       |       ||    69
       Iron Shot         |       |       |       |       |    32 |   163 |   294 |    97 |   140 ||   726
       Bolt of Magma     |       |       |       |       |       |     2 |       |       |       ||     2
       Shatter           |       |       |       |       |       |       |    19 |    96 |    84 ||   199
       Fire Storm        |       |       |       |       |       |       |       |    10 |    64 ||    74
 Abil: Fly               |       |       |       |       |       |     1 |       |       |     1 ||     2
       Stop Flying       |       |       |       |       |       |       |       |     1 |       ||     1
Evoke: Wand              |       |       |     1 |     8 |    21 |    26 |    15 |       |     5 ||    76
       Phial of floods   |       |       |       |       |     4 |     2 |     1 |       |       ||     7
       Fan of gales      |       |       |       |       |       |     2 |       |       |       ||     2
       Phantom mirror    |       |       |       |       |       |     1 |       |       |       ||     1
       Lamp of fire      |       |       |       |       |       |       |     1 |       |       ||     1
       Box of beasts     |       |       |       |       |       |       |     1 |       |       ||     1
  Use: Potion            |     1 |       |       |     4 |    13 |     1 |     6 |     4 |    10 ||    39
       Scroll            |     5 |       |     8 |    11 |    21 |    13 |    20 |     3 |    20 ||   101
 Stab: Distracted        |     1 |       |     1 |       |       |     1 |     1 |     1 |     1 ||     6
       Sleeping          |       |     1 |     3 |     1 |     1 |     3 |       |     1 |       ||    10
       Paralysed         |       |       |       |       |     1 |       |       |       |       ||     1
  Eat: Chunk             |     8 |    11 |    16 |    41 |    87 |    75 |    88 |    58 |     6 ||   390
       Ration            |       |       |       |       |       |     1 |     2 |     7 |    17 ||    27
Armor: Robe              |    52 |    62 |   115 |   259 |    43 |       |       |       |       ||   531
       Leather armour    |       |       |       |       |   410 |   279 |   430 |   324 |   327 ||  1770
Dodge: Dodged            |    64 |   103 |   207 |   561 |   999 |   359 |   542 |   370 |   523 ||  3728

Table legend:
 A = Non-vault XP
 B = Vault XP
 C = Vault XP percentage of total XP
 D = Non-vault monster count
 E = Vault monster count
 F = Vault count percentage of total count
                 A         B        C        D         E       F
            +---------+---------+-------+---------+---------+-------
      Total |  702528 |  728857 |  50.9 |    1512 |     900 |  37.3
            +---------+---------+-------+---------+---------+-------
        D:1 |      28 |       0 |   0.0 |      17 |       0 |   0.0
        D:2 |      69 |     235 |  77.3 |      28 |       3 |   9.7
        D:3 |     144 |     195 |  57.5 |      28 |       9 |  24.3
        D:4 |     322 |       0 |   0.0 |      23 |       0 |   0.0
        D:5 |     367 |       0 |   0.0 |      12 |       0 |   0.0
        D:6 |    1050 |       0 |   0.0 |      24 |       0 |   0.0
        D:7 |     449 |     772 |  63.2 |      16 |       2 |  11.1
        D:8 |    2266 |    1206 |  34.7 |      26 |      10 |  27.8
        D:9 |    1303 |       0 |   0.0 |      21 |       0 |   0.0
       D:10 |    1432 |      79 |   5.2 |      33 |       2 |   5.7
       D:11 |    4346 |     353 |   7.5 |      31 |       2 |   6.1
       D:12 |    4832 |    1860 |  27.8 |      45 |      36 |  44.4
       D:13 |    8773 |       0 |   0.0 |      50 |       0 |   0.0
       D:14 |   10283 |    2421 |  19.1 |      29 |       4 |  12.1
       D:15 |    4171 |    3607 |  46.4 |       9 |       5 |  35.7
     Lair:1 |    2253 |       0 |   0.0 |      12 |       0 |   0.0
     Lair:2 |    4552 |    2807 |  38.1 |      25 |       9 |  26.5
     Lair:3 |    1630 |    2031 |  55.5 |       7 |       4 |  36.4
     Lair:4 |    7988 |     726 |   8.3 |      25 |       4 |  13.8
     Lair:5 |    3815 |       0 |   0.0 |      16 |       0 |   0.0
     Lair:6 |   11117 |   10302 |  48.1 |      32 |      20 |  38.5
    Swamp:1 |   10324 |       0 |   0.0 |      27 |       0 |   0.0
    Swamp:2 |   16499 |       0 |   0.0 |      36 |       0 |   0.0
    Swamp:3 |   10503 |    2967 |  22.0 |      19 |       2 |   9.5
    Swamp:4 |    8841 |   19484 |  68.8 |      26 |      29 |  52.7
    Snake:1 |   11267 |       0 |   0.0 |      19 |       0 |   0.0
    Snake:2 |   19950 |       0 |   0.0 |      36 |       0 |   0.0
    Snake:3 |   14981 |       0 |   0.0 |      25 |       0 |   0.0
    Snake:4 |   19891 |   49776 |  71.4 |      40 |      68 |  63.0
    Slime:1 |    6452 |       0 |   0.0 |      13 |       0 |   0.0
    Slime:2 |    6702 |       0 |   0.0 |      18 |       0 |   0.0
    Slime:3 |    7733 |       0 |   0.0 |      10 |       0 |   0.0
    Slime:4 |   17339 |       0 |   0.0 |      13 |       0 |   0.0
    Slime:5 |   10163 |       0 |   0.0 |       5 |       0 |   0.0
      Orc:1 |    3637 |    5456 |  60.0 |      33 |      11 |  25.0
      Orc:2 |    2440 |   18117 |  88.1 |      18 |      65 |  78.3
      Elf:1 |   23318 |    8055 |  25.7 |      36 |      10 |  21.7
      Elf:2 |   16505 |    2566 |  13.5 |      29 |       4 |  12.1
      Elf:3 |   19653 |   47833 |  70.9 |      28 |      30 |  51.7
   Vaults:1 |   48654 |   13543 |  21.8 |      73 |      17 |  18.9
   Vaults:2 |   37423 |   24930 |  40.0 |      68 |      38 |  35.8
   Vaults:3 |   63493 |   20388 |  24.3 |      91 |      22 |  19.5
   Vaults:4 |    7591 |   36835 |  82.9 |      15 |      36 |  70.6
   Vaults:5 |   50212 |  113991 |  69.4 |      81 |      84 |  50.9
    Crypt:1 |   24362 |       0 |   0.0 |      43 |       0 |   0.0
    Crypt:2 |   19215 |   52655 |  73.3 |      31 |      27 |  46.6
    Crypt:3 |       0 |   76621 | 100.0 |       0 |     103 | 100.0
   Depths:1 |   27821 |    3368 |  10.8 |      49 |       8 |  14.0
   Depths:2 |   27230 |   50338 |  64.9 |      32 |      53 |  62.4
   Depths:3 |   23177 |   36180 |  61.0 |      23 |      31 |  57.4
   Depths:4 |       0 |   63038 | 100.0 |       0 |     103 | 100.0
   Depths:5 |   75962 |   54381 |  41.7 |      66 |      43 |  39.4
   Gauntlet |       0 |    1741 | 100.0 |       0 |       6 | 100.0
            +---------+---------+-------+---------+---------+-------
